 Dungeon Crawl Stone Soup version 0.28-a0-803-g74956062c1 (webtiles) character file.

Game seed: 10803815887790778405

787 Gargoyl the Skirmisher (level 7, -1/60 HPs)
             Began as a Gnoll Abyssal Knight on Nov 7, 2021.
             Was a Believer of Lugonu.
             Killed by nerve-wracking pain
             ... invoked by an orc priest
              (6 damage)
             ... on level 4 of the Dungeon.
             The game lasted 00:06:46 (5565 turns).

Gargoyl the Skirmisher (Gnoll Abyssal Knight)       Turns: 5565, Time: 00:06:47

Health: -1/60      AC: 12    Str: 14    XL:     7   Next: 87%
Magic:  11/11      EV:  5    Int: 10    God:    Lugonu [**....]
Gold:   24         SH:  8    Dex: 12    Spells: 11/11 levels left

rFire   . . .      SeeInvis .   a - +2 hand axe
rCold   . . .      Faith    .   i - +0 kite shield
rNeg    . . .      Spirit   .   f - +1 chain mail
rPois   .          Reflect  .   (no helmet)
rElec   .          Harm     .   (no cloak)
rCorr   .          Rampage  .   h - +0 pair of gloves
Will    .....                   (no boots)
Stlth   ..........              e - amulet of the acrobat
HPRegen 0.20/turn               (no ring)
MPRegen 0.12/turn               (no ring)

@: no status effects
A: fangs 1, strong nose, distributed training
a: Renounce Religion, Depart the Abyss, Bend Space


You were on level 4 of the Dungeon.
You worshipped Lugonu.
Lugonu was pleased with you.
You visited 1 branch of the dungeon, and saw 5 of its levels.
You visited the Abyss 1 time.

You collected 171 gold pieces.
You spent 147 gold pieces at shops.

Inventory:

Hand Weapons
 a - a +2 hand axe (weapon)
Armour
 f - a +1 chain mail (worn)
 h - a +0 pair of gloves (worn)
 i - a +0 kite shield (worn)
Jewellery
 e - an amulet of the acrobat (around neck)
Wands
 k - a wand of mindburst (15)
Scrolls
 b - 8 scrolls of identify
 c - a scroll of teleportation
Potions
 d - a potion of magic


   Skills:
 + Level 7.1 Fighting
 + Level 2.7 Short Blades
 + Level 2.7 Long Blades
 + Level 5.4 Axes
 + Level 2.7 Maces & Flails
 + Level 2.7 Polearms
 + Level 2.7 Staves
 + Level 2.7 Slings
 + Level 2.7 Bows
 + Level 2.7 Crossbows
 + Level 2.7 Throwing
 + Level 5.4 Armour
 + Level 3.8 Dodging
 + Level 2.7 Stealth
 + Level 2.7 Shields
 + Level 2.7 Unarmed Combat
 + Level 2.7 Spellcasting
 + Level 2.2 Conjurations
 + Level 2.2 Hexes
 + Level 2.2 Summonings
 + Level 2.2 Necromancy
 + Level 2.2 Translocations
 + Level 2.2 Transmutations
 + Level 2.2 Fire Magic
 + Level 2.2 Ice Magic
 + Level 2.2 Air Magic
 + Level 2.2 Earth Magic
 + Level 2.2 Poison Magic
 + Level 5.5 Invocations
 + Level 2.7 Evocations


You had 11 spell levels left.
You didn't know any spells.
Your spell library contained the following spells:

 Spells                   Type           Power      Damage    Failure   Level
 Blink                    Tloc           10%        N/A       100%        2
 Conjure Flame            Conj/Fire      5%         6-21      100%        3
 Frozen Ramparts          Ice            10%        1d3       100%        3
 Gell's Gravitas          Tloc           5%         N/A       100%        3
 Ignite Poison            Fire/Tmut/Pois 5%         N/A       100%        3
 Lesser Beckoning         Tloc           5%         N/A       100%        3
 Teleport Other           Tloc           5%         N/A       100%        3
 Ice Form                 Ice/Tmut       5%         N/A       100%        4
 Sticky Flame             Conj/Fire      5%         2d3       100%        4
 Summon Ice Beast         Ice/Summ       5%         N/A       100%        4
 Manifold Assault         Tloc           5%         N/A       100%        5


Dungeon Overview and Level Annotations

Branches:
Dungeon (5/15)
 Temple: D:4-7

Altars:
Nemelex Xobeh
Uskayaw
Yredelemnul

Shops:
D:1 *   D:4 ?

Annotations:
D:5 Duvessa


Innate Abilities, Weirdness & Mutations

You have very sharp teeth.
Your uncanny sense of smell can sniff out nearby items.
Your experience applies equally to all skills.


Message History

The orc priest hits you with a +0 hand axe.
* * * LOW HITPOINT WARNING * * *
The hound bites you but does no damage.
Things that are here:
a +0 dagger; 3 atropa-tipped darts; an orc corpse Unknown command.
You barely miss the orc priest.
The orc priest is lightly wounded.
You barely miss the hound. The hound barely misses you.
The orc priest hits you but does no damage.
The hound bites you but does no damage.
You hit the orc priest but do no damage.
Your bite misses the orc priest.
The orc priest is lightly wounded.
You hit the hound. The hound bites you but does no damage.
The orc priest hits you but does no damage.
The hound barely misses you.
You barely miss the orc priest.
The orc priest is moderately wounded.
You closely miss the hound.
The orc priest looks more healthy.
The orc priest hits you but does no damage.
The hound bites you.
* * * LOW HITPOINT WARNING * * *
The orc priest casts a cantrip, but nothing happens.
The hound bites you.
* * * LOW HITPOINT WARNING * * *
Unknown command.
You slash the orc priest!
The orc priest is almost dead.
You miss the hound. The hound barely misses you.
The orc priest mumbles some strange prayers to Beogh against you.
Pain shoots through your body!
* * * LOW HITPOINT WARNING * * *
You block the hound's attack.
You closely miss the orc priest.
The orc priest is almost dead.
You hit the hound. The hound barely misses you.
The orc priest invokes the aid of Beogh against you.
Pain shoots through your body!
You die...

#........### ### ...........###
#########.### .............##
##...........# ..............#
###............# .............##
#..............#
.............####..............#
...............##..............#
............##...o[............#
.......>....####@h(...(.(.)...##
#..........## ##..............#
#..........# #...............#
##........## #..............## #
##.......# #............).# # #
###....## #..............# # ##
###### #............>## # .##
##............# ## ..##
###..........## #.


You could see a hound and an orc priest.

Vanquished Creatures
  A necrophage (D:4)
  An ogre (D:4)
  A phantom (D:4)
  A scorpion (D:4)
  A water moccasin skeleton (D:4)
  3 hounds
  2 jellies (Abyss:1)
  A bullfrog skeleton (D:4)
  An iguana (D:5)
  An orc wizard (D:4)
  6 adders
  An ufetubus (D:5)
  An adder skeleton (D:5)
  4 worms
  3 dart slugs
  10 orcs
  4 bats
  8 endoplasms
  5 goblins
  4 hobgoblins
  5 jackals (D:2)
  2 quokkas
  8 ball pythons
  3 frilled lizards
  5 kobolds
  3 rats (D:1)
85 creatures vanquished.

Vanquished Creatures (collateral kills)
  A hound skeleton (D:4)
  A goblin (D:4)
  A kobold (D:4)
3 creatures vanquished.

Vanquished Creatures (others)
  Dowan (D:5)
  2 plants (D:1)
3 creatures vanquished.

Grand Total: 91 creatures vanquished

Notes
Turn   | Place    | Note
-------+----------+-------------------------------------------
     0 | Abyss:1  | Gargoyl the Gnoll Abyssal Knight began the quest for the
                  | Orb.
     0 | Abyss:1  | Reached XP level 1. HP: 23/23 MP: 3/3
    83 | Abyss:1  | Noticed a large abomination
    97 | Abyss:1  | Noticed a jelly
   101 | Abyss:1  | Killed a jelly
   102 | Abyss:1  | Reached XP level 2. HP: 20/29 MP: 5/5
   102 | Abyss:1  | Reached XP level 3. HP: 24/35 MP: 6/6
   214 | Abyss:1  | Reached skill level 1 in Short Blades
   214 | Abyss:1  | Reached skill level 1 in Long Blades
   214 | Abyss:1  | Reached skill level 1 in Maces & Flails
   214 | Abyss:1  | Reached skill level 1 in Polearms
   214 | Abyss:1  | Reached skill level 1 in Staves
   214 | Abyss:1  | Reached skill level 1 in Slings
   214 | Abyss:1  | Reached skill level 1 in Bows
   214 | Abyss:1  | Reached skill level 1 in Crossbows
   214 | Abyss:1  | Reached skill level 1 in Throwing
   214 | Abyss:1  | Reached skill level 1 in Stealth
   214 | Abyss:1  | Reached skill level 1 in Shields
   214 | Abyss:1  | Reached skill level 1 in Unarmed Combat
   214 | Abyss:1  | Reached skill level 1 in Spellcasting
   214 | Abyss:1  | Reached skill level 1 in Evocations
   214 | Abyss:1  | Reached XP level 4. HP: 28/41 MP: 7/7
   214 | Abyss:1  | Noticed a slime creature
   218 | D:1      | Escaped the Abyss
   390 | D:1      | Found Margh's Assorted Antiques.
   688 | D:1      | Reached * piety under Lugonu
   816 | D:1      | Reached skill level 1 in Conjurations
   816 | D:1      | Reached skill level 1 in Hexes
   816 | D:1      | Reached skill level 1 in Summonings
   816 | D:1      | Reached skill level 1 in Necromancy
   816 | D:1      | Reached skill level 1 in Translocations
   816 | D:1      | Reached skill level 1 in Transmutations
   816 | D:1      | Reached skill level 1 in Fire Magic
   816 | D:1      | Reached skill level 1 in Ice Magic
   816 | D:1      | Reached skill level 1 in Air Magic
   816 | D:1      | Reached skill level 1 in Earth Magic
   816 | D:1      | Reached skill level 1 in Poison Magic
   948 | D:1      | Found a faded altar of an unknown god.
  1333 | D:2      | Found a sparkling altar of Nemelex Xobeh.
  1599 | D:2      | Reached XP level 5. HP: 41/47 MP: 6/8
  2861 | D:3      | Reached skill level 5 in Invocations
  2938 | D:4      | Noticed a phantom
  2966 | D:4      | Killed a phantom
  2966 | D:4      | Reached ** piety under Lugonu
  2967 | D:4      | Reached XP level 6. HP: 23/53 MP: 9/9
  3190 | D:4      | Reached skill level 5 in Axes
  3190 | D:4      | Reached skill level 5 in Armour
  3627 | D:4      | Found a hide-covered altar of Uskayaw.
  4007 | D:4      | Noticed a necrophage
  4033 | D:4      | Killed a necrophage
  4034 | D:4      | Reached skill level 7 in Fighting
  4034 | D:4      | Reached XP level 7. HP: 55/60 MP: 10/10
  4184 | D:4      | Found Wyutusm's Magic Scroll Emporium.
  4190 | D:4      | Bought a scroll of teleportation for 42 gold pieces
  4190 | D:4      | Bought a scroll of enchant weapon for 105 gold pieces
  4428 | D:4      | Found a basalt altar of Yredelemnul.
  4671 | D:5      | Entered Level 5 of the Dungeon
  5026 | D:5      | Noticed Duvessa
  5026 | D:5      | Noticed Dowan
  5047 | D:5      | HP: 3/60 [Duvessa (1)]
  5048 | D:5      | HP: 1/60 [phantom (3)]
  5231 | D:5      | Killed Dowan
  5565 | D:4      | Killed from afar by an orc priest

Illustrated notes

Levels and vault maps discovered:
D:1:      grunt_arrival_crossed_arrows, layout_loops_ring,
          shapermc_ecumenical_altar_flowoftime, serial_shops,
          nicolae_shop_overgrown_old_shop
D:2:      layout_basic, basic_altar, minmay_diced_spiral
D:3:      layout_basic, minmay_circle_x
D:4:      layout_cave_pods, amcnicky_altar_gilded, mainiacjoe_overflow_paths,
          serial_shops, kennysheep_little_box
D:5:      layout_cave_pools, lemuel_temple_firewalk_b, corexii_corridor_pit,
          grunt_ministairs_7, uniq_duvessa, uniq_prince_ribbit1, uniq_ijyb

Skill      XL: |  1  2  3  4  5  6  7 |
---------------+----------------------+-----
Short Blades   | 1 2 |  2.7
Long Blades    | 1 2 |  2.7
Maces & Flails | 1 2 |  2.7
Polearms       | 1 2 |  2.7
Staves         | 1 2 |  2.7
Slings         | 1 2 |  2.7
Bows           | 1 2 |  2.7
Crossbows      | 1 2 |  2.7
Throwing       | 1 2 |  2.7
Stealth        | 1 2 |  2.7
Shields        | 1 2 |  2.7
Unarmed Combat | 1 2 |  2.7
Spellcasting   | 1 2 |  2.7
Evocations     | 1 2 |  2.7
Conjurations   | 1 2 |  2.2
Hexes          | 1 2 |  2.2
Summonings     | 1 2 |  2.2
Necromancy     | 1 2 |  2.2
Translocations | 1 2 |  2.2
Transmutations | 1 2 |  2.2
Fire Magic     | 1 2 |  2.2
Ice Magic      | 1 2 |  2.2
Air Magic      | 1 2 |  2.2
Earth Magic    | 1 2 |  2.2
Poison Magic   | 1 2 |  2.2
Dodging        | 3 |  3.8
Invocations    | 5 |  5.5
Axes           | 5 |  5.4
Armour         | 5 |  5.4
Fighting       | 7 |  7.1

Action                   |  1- 3 |  4- 6 |  7- 9 || total
-------------------------+-------+-------+-------++-------
Melee: Hand axe          |    10 |   203 |   109 ||   322
       Bite              |     2 |    31 |     8 ||    41
       Punch             |     1 |     2 |       ||     3
       Dagger            |       |    48 |       ||    48
Throw: Dart              |       |     3 |    12 ||    15
Invok: Depart the Abyss  |       |     1 |       ||     1
       Bend Space        |       |       |     1 ||     1
  Use: Potion            |     1 |     1 |     1 ||     3
       Scroll            |       |     9 |     3 ||    12
Armor: Scale mail        |     5 |     5 |       ||    10
       Chain mail        |       |   160 |    92 ||   252
Dodge: Dodged            |     2 |    77 |    42 ||   121
Block: Kite shield       |       |    31 |    62 ||    93

Table legend: (Time is in decaauts)
 A = Elapsed time spent in this place.
 B = Non-inter-level travel time spent in this place.
 C = Inter-level travel time spent in this place.
 D = Time resting spent in this place.
 E = Time spent auto-exploring this place.
 F = Levels seen in this place.
 G = Mean time per level.
                   A        B        C        D        E       F      G
               +--------+--------+--------+--------+--------+-----+--------+
         Total |   5629 |   5528 |    101 |   1021 |   3395 |   6 |  938.2 |
       Dungeon |   5410 |   5309 |    101 |    929 |   3327 |   5 | 1082.0 |
         Abyss |    218 |    218 |      0 |     92 |     68 |   1 |  218.0 |
               +--------+--------+--------+--------+--------+-----+--------+

Top non-repeatable levels by time:
     D:4: 1681 daAuts
     D:2: 1136 daAuts
     D:1: 1027 daAuts
     D:3: 844 daAuts
     D:5: 720 daAuts
 Abyss:1: 218 daAuts
